AoeStats
← dany91791

Arabia

503910488Analyzed
1v1 RM · 29d ago on Sep 3, 2026· 31m 21s· 2 players
Game mode
Random Map
Map size
Tiny (2 player)
Population
200
Speed
Normal
Resources
Standard
Victory
Conquest
Starting age
Dark Age
Ending age
Imperial Age
RankedLock teamsTeams togetherTeam positionsShared explorationLock speedFull tech treeHidden civsTurbo modeCheats
Victory
Defeat
🇨🇴 Huns · Colombia
589
+14
🇲🇽 Mongols · Mexico
556
-14
dany91791
9:25 Feudal Age
10:13 Double-Bit Axe
11:40 Horse Collar
18:34 Gold Mining
18:12 Man-at-Arms
19:42 Loom
25:23 Castle Age
24:23 Forging
24:14 Scale Mail Armor
24:45 Fletching
24:56 Padded Archer Armor
25:31 Elite Skirmisher
25:32 Crossbowman
28:19 Iron Casting
27:58 Heavy Plow
27:54 Pikeman
29:40 Bow Saw
Uchiha Madara
8:06 Loom
10:04 Feudal Age
19:27 Bloodlines
22:02 Castle Age
20:33 Horse Collar
20:40 Double-Bit Axe
21:10 Forging
23:26 Light Cavalry
25:16 Wheelbarrow
27:50 Scale Barding Armor
31:15 Hand Cart
Connection lost

Rejoining the realm…

Still unreachable

The connection could not be restored.

Session expired

The server has moved on; the page needs a fresh start.